 Dungeon Crawl Stone Soup version 0.31-a0-233-g139696dc86 (webtiles) character file.

Game seed: 3218772781507109161

152 qw the Shooter (level 5, -1/30 HPs)
             Began as a Gargoyle Hexslinger on July 7, 2023.
             Slain by Sigmund
             ... wielding a +2 scythe of freezing
              (5 damage)
             ... on level 3 of the Dungeon.
             The game lasted 00:00:57 (1705 turns).

qw the Shooter (Gargoyle Hexslinger)                Turns: 1705, Time: 00:00:57

Health: -1/30      AC:  9    Str: 11    XL:     5   Next: 34%
Magic:  6/6        EV: 10    Int: 14    God:
Gold:   173        SH:  0    Dex: 14    Spells: 5/6 levels left

rFire   . . .        Y - +1 sling
rCold   . . .        (no shield)
rNeg    + . .        e - +0 ring mail
rPois   inf          (no helmet)
rElec   +            (no cloak)
rCorr   .            (no gloves)
SInv    .            (no boots)
Will    .....        (no amulet)
Stlth   +            (no ring)
HPRegen 0.25/turn    (no ring)
MPRegen 0.10/turn

%: no passive effects
@: no status effects
A: sickness immunity, AC +4, negative energy resistance 1, electricity
resistance, torment resistance 1, petrification resistance
a: no special abilities


You were on level 3 of the Dungeon.
You visited 1 branch of the dungeon, and saw 3 of its levels.

You collected 173 gold pieces.


Innate Abilities, Weirdness & Mutations

You are immune to sickness and miasma.
Your stone body is resilient. (AC +4)
You are immune to poison.
You resist negative energy. (rN+)
You are resistant to electric shocks. (rElec)
You are resistant to unholy torment.
You are immune to petrification.


   Skills:
 - Level 2.1 Fighting
 + Level 4.7 Ranged Weapons
 - Level 1.5 Armour
 - Level 1.5 Dodging
 - Level 1.0 Spellcasting
 - Level 2.6 Hexes


You had 5 spell levels left.
You knew the following spells:

 Your Spells              Type           Power      Damage    Failure   Level
a - Slow                  Hex            32%        N/A       21%         1

Your spell library contained the following spells:

 Spells                   Type           Power      Damage    Failure   Level
 Inner Flame              Hex/Fire       4%         N/A       71%         3
 Portal Projectile        Hex/Tloc       8%         N/A       71%         3
 Cause Fear               Hex            4%         N/A       90%         4

Inventory:

Hand Weapons
 Y - a +1 sling (weapon)
Armour
 e - a +0 ring mail (worn)
Jewellery
 d - a ring of ice
 l - a ring of willpower
Scrolls
 c - 2 scrolls of identify
 j - a scroll of noise {unknown}
 k - a scroll of teleportation {unknown}
Potions
 a - a potion of might {unknown}
 b - a potion of enlightenment
 f - a potion of heal wounds {unknown}
 g - a potion of degeneration {unknown}
 h - a potion of invisibility {unknown}
 i - a potion of ambrosia {unknown}

Dungeon Overview and Level Annotations

Branches:
Dungeon (3/15)

Altars:

Shops:
D:1 (

Annotations:
D:3 Sigmund


Message History

The sling bullet closely misses the orc.
Sigmund completely misses you.
You shoot a sling bullet. The sling bullet hits the orc!
You kill the orc!
Sigmund hits you from afar with a +2 scythe of freezing.
Sigmund freezes you.
You shoot a sling bullet.
The sling bullet closely misses the orc.
The sling bullet hits the orc.
The orc is almost dead.
Something hits you but does no damage. The orc hits you but does no damage.
Sigmund hits you from afar with a +2 scythe of freezing.
Sigmund freezes you.
You shoot a sling bullet. The sling bullet hits the orc.
The orc is heavily wounded.
The orc barely misses you. Something hits you but does no damage.
Sigmund hits you from afar with a +2 scythe of freezing!
Sigmund freezes you.
You shoot a sling bullet. The sling bullet hits the orc.
You kill the orc!
Something hits you but does no damage. x2; The orc closely misses you.
Sigmund hits you from afar with a +2 scythe of freezing.
Sigmund freezes you.
You shoot a sling bullet.
The sling bullet hits the orc but does no damage.
The orc is almost dead.
You hear some strange, mumbled words.
Something tries to affect you, but you resist.
The orc hits you but does no damage.
You shoot a sling bullet. The sling bullet hits the orc.
You kill the orc!
Sigmund hits you from afar with a +2 scythe of freezing.
Sigmund freezes you. Something hits you but does no damage.
You shoot a sling bullet. The sling bullet hits Sigmund.
Sigmund is lightly wounded.
Something hits you but does no damage. Sigmund hits you but does no damage.
You shoot a sling bullet. Something hits you but does no damage.
Sigmund hits you from afar with a +2 scythe of freezing.
You die...

#. #.# ... #>. ..#
#.### .......#
#.#.#.#####.
.%.........
#)#@...... #@{.....#
#.##....# #.....<...
##+######.###.@#<.
#.........%....o..
#......##.###.##.#
+......##... #
########......###....
.......#......# ....+


You could see Sigmund.

Vanquished Creatures
  An orc priest (D:2)
  An orc wizard (D:2)
  2 adders
  A worm (D:3)
  A dart slug (D:1)
  6 orcs
  2 endoplasms
  4 giant cockroaches
  2 goblins
  10 hobgoblins
  4 jackals (D:2)
  7 kobolds
  2 quokkas
  10 ball pythons
  4 bats
  3 frilled lizards
  5 rats
65 creatures vanquished.

Notes
Turn   | Place    | Note
-------+----------+-------------------------------------------
     0 | D:1      | qw the Gargoyle Hexslinger began the quest for the Orb.
     0 | D:1      | Reached XP level 1. HP: 12/12 MP: 2/2
     0 | D:1      | 0 ||| qw: Version: 0.3-a-46-gb1f654a
     0 | D:1      | 0 ||| qw: Game counter: 3342
     0 | D:1      | 0 ||| qw: Melee chars always use a shield: true
     0 | D:1      | 0 ||| qw: God list: Okawaru
     0 | D:1      | 0 ||| qw: Allow faded altars: false
     0 | D:1      | 0 ||| qw: Do Orc after clearing Dungeon:15 true
     0 | D:1      | 0 ||| qw: Do second Lair branch before Depths: true
     0 | D:1      | 0 ||| qw: Lair rune preference: random
     0 | D:1      | 0 ||| qw: Goals: Normal
     0 | D:1      | 0 ||| PLANNING D:1-11
    71 | D:1      | Reached XP level 2. HP: 16/16 MP: 3/3
   163 | D:1      | Reached skill level 3 in Ranged Weapons
   292 | D:1      | Reached XP level 3. HP: 21/21 MP: 4/4
   326 | D:1      | Found Feura's Weapon Shop.
   393 | D:1      | Found a faded altar of an unknown god.
   491 | D:1      | 491 ||| UPGRADING to +0 ring mail.
   501 | D:1      | 501 ||| DROPPING +0 robe.
   502 | D:1      | 502 ||| READING scroll labelled BUKULAIHAI.
   503 | D:1      | 503 ||| READING scroll labelled EQYRCH NEOLUEGG.
   504 | D:1      | 504 ||| DROPPING scroll of poison.
   811 | D:2      | 811 ||| Stepping ~*~*~tactically~*~*~ (outnumbered).
   816 | D:2      | 816 ||| Stepping ~*~*~tactically~*~*~ (outnumbered).
   848 | D:2      | HP: 5/21 [something (1)]
   850 | D:2      | Reached skill level 4 in Ranged Weapons
   850 | D:2      | Reached XP level 4. HP: 7/26 MP: 5/5
   853 | D:2      | Reached skill level 1 in Armour
  1027 | D:2      | Reached XP level 5. HP: 27/30 MP: 6/6
  1030 | D:2      | 1030 ||| FLEEEEING.
  1031 | D:2      | 1031 ||| FLEEEEING.
  1032 | D:2      | 1032 ||| FLEEEEING.
  1390 | D:2      | 1390 ||| DRINKING 2 murky dark potions.
  1687 | D:3      | Noticed Sigmund
  1692 | D:3      | 1692 ||| Stepping ~*~*~tactically~*~*~ (outnumbered).
  1701 | D:3      | HP: 7/30 [Sigmund/+2 scythe of freezing (2)]
  1705 | D:3      | Slain by Sigmund

Levels and vault maps discovered:
D:1:      dpeg_arrival_simpleton_b, layout_rooms, ebering_ecumenical_altar_webs,
          serial_shops, nicolae_shop_real_fake_doors
D:2:      layout_loops_ring, minmay_misc_feat_tower, minmay_increasing_density
D:3:      layout_basic, uniq_sigmund

Skill      XL: |  1  2  3  4 |
---------------+-------------+-----
Ranged Weapons | 3 4 |  4.7
Fighting       | 2 |  2.1
Armour         | 1 |  1.5
Dodging        | |  1.5
Spellcasting   | |  1.0
Hexes          | |  2.6

Action                     |  1- 3 |  4- 6 || total
---------------------------+-------+-------++-------
   Fire: Sling             |   160 |    85 ||   245
    Use: Scroll            |     2 |       ||     2
         Potion            |       |     1 ||     1
 Armour: Robe              |    23 |       ||    23
         Ring mail         |    49 |    30 ||    79
  Dodge: Dodged            |    71 |    17 ||    88

Table legend:
 A = Non-vault XP
 B = Vault XP
 C = Vault XP percentage of total XP
 D = Non-vault monster count
 E = Vault monster count
 F = Vault count percentage of total count
                 A         B        C        D         E       F
            +---------+---------+-------+---------+---------+-------
      Total |     208 |      10 |   4.6 |      59 |       6 |   9.2
            +---------+---------+-------+---------+---------+-------
        D:1 |      44 |       0 |   0.0 |      25 |       0 |   0.0
        D:2 |     117 |      10 |   7.9 |      18 |       6 |  25.0
        D:3 |      47 |       0 |   0.0 |      16 |       0 |   0.0
            +---------+---------+-------+---------+---------+-------
